 Dungeon Crawl Stone Soup version 0.29.1-2-gbd0b4ee654 (webtiles) character file.

Game seed: 1423101157731510383

604 GorkyZ the Caller (level 7, -3/40 HPs)
             Began as a Deep Elf Summoner on Nov 24, 2022.
             Was an Initiate of Gozag.
             Shot with an arrow by a centaur (10 damage)
             ... on level 5 of the Dungeon.
             The game lasted 00:27:35 (5050 turns).

GorkyZ the Caller (Deep Elf Summoner)               Turns: 5050, Time: 00:27:36

Health: -3/40      AC:  8    Str:  5    XL:     7   Next: 18%
Magic:  5/17       EV: 13    Int: 22    God:    Gozag
Gold:   33         SH:  0    Dex: 15    Spells: 8/17 levels left

rFire   . . .      SeeInvis .   w - +0 spear
rCold   . . .      Faith    .   (no shield)
rNeg    . . .      Spirit   .   j - +3 leather armour of the Saviour {Drain +Blink rCorr}
rPois   .          Reflect  .   s - +1 hat
rElec   .          Harm     .   g - +0 cloak
rCorr   +          Rampage  .   (no gloves)
Will    .....                   (no boots)
Stlth   ++........              (no amulet)
HPRegen 0.13/turn               (no ring)
MPRegen 0.15/turn               (no ring)

@: very slightly contaminated
A: no striking features
a: Renounce Religion, Evoke Blink, Potion Petition, Call Merchant, Bribe Branch


You were on level 5 of the Dungeon.
You worshipped Gozag.
Gozag was noncommittal.
You visited 2 branches of the dungeon, and saw 6 of its levels.

You collected 261 gold pieces.
You spent 169 gold pieces at shops.
You paid 59 gold pieces to Gozag.

Inventory:

Hand Weapons
 d - a +0 club
 h - a +0 falchion
 w - a +0 spear (weapon)
Missiles
 v - a throwing net
Armour
 a - a +0 robe
 g - a +0 cloak (worn)
 j - the +3 leather armour of the Saviour (worn) {Drain +Blink rCorr}
   (You found it on level 2 of the Dungeon)

   +Blink:    It lets you blink.
   rCorr:     It protects you from acid and corrosion.
   Drain:     It drains your maximum health when unequipped.
 r - a scarf of harm
 s - a +1 hat (worn)
Wands
 u - a wand of flame (13)
Scrolls
 c - a scroll of silence
 i - 2 scrolls of teleportation
 k - 2 scrolls of noise
 l - a scroll of amnesia {unknown}
Potions
 b - a potion of magic
 e - a potion of haste
 f - 2 potions of brilliance
 m - a potion of attraction
 n - 2 potions of degeneration
 o - a potion of flight
 t - a potion of resistance


   Skills:
 + Level 2.3 Fighting
 + Level 2.1 Armour
 + Level 4.8 Dodging
 - Level 3.1 Stealth
 + Level 5.5 Spellcasting
 + Level 5.9 Summonings


You had 8 spell levels left.
You knew the following spells:

 Your Spells              Type           Power      Damage    Failure   Level
a - Summon Small Mammal   Summ           100%       N/A       1%          1
b - Call Canine Familiar  Summ           32%        N/A       4%          3
c - Call Imp              Summ           32%        N/A       1%          2
d - Summon Guardian Gole  Hex/Summ       19%        N/A       14%         3

Your spell library contained the following spells:

 Spells                   Type           Power      Damage    Failure   Level
 Summon Lightning Spire   Summ/Air       19%        N/A       41%         4


Dungeon Overview and Level Annotations

Branches:
Dungeon (5/15)             Temple (1/1) D:4

Altars:
Ashenzari
Elyvilon
Fedhas
Gozag
Kikubaaqudgha
Makhleb
Trog
Uskayaw
Wu Jian
Yredelemnul

Shops:
D:4 ?


Message History

Casting: Call Canine Familiar (dangerous; 4% risk of failure)
Confirm with . or Enter, or press ? or * to list all spells.
Something bites your quokka!
Your quokka dies!
Your quokka's corpse disappears in a puff of smoke!
The centaur attacks as you move away!
The centaur unwields a +0 shortbow.
The centaur barely misses you. x2; The centaur wields a +0 shortbow.
The centaur shoots an arrow.
The arrow misses you.
Your hound bites the centaur.
The centaur unwields a +0 shortbow.
The centaur closely misses your crimson imp.
The centaur kicks your crimson imp.
Your crimson imp barely misses the centaur.
Your hound barely misses the centaur.
Your crimson imp disappears in a puff of smoke!
The centaur wields a +0 shortbow.
The centaur shoots an arrow.
The arrow closely misses your hound. The arrow hits you!
* * * LOW HITPOINT WARNING * * *
The iguana closely misses your hound.
Your hound barely misses the centaur.
The centaur shoots an arrow.
The arrow hits your hound.
Okay, then.
Casting: Call Canine Familiar (dangerous; 4% risk of failure)
Confirm with . or Enter, or press ? or * to list all spells.
A beastly little devil appears in a puff of frigid air.
Your hound bites the centaur.
The iguana bites your hound!
Your hound dies!
Your hound's corpse disappears in a puff of smoke!
The centaur shoots an arrow.
The arrow hits you but does no damage.
Casting: Call Imp (safe; 1% risk of failure)
Confirm with . or Enter, or press ? or * to list all spells.
You miscast Call Canine Familiar.
You are very lightly contaminated with residual magic.
Nothing appears to happen.
The centaur shoots an arrow.
The arrow barely misses you.
Your white imp hits the iguana.
Your white imp freezes the iguana.
The iguana seems to slow down.
Blink to where?
Press: ? - help, Dir - move target, p - centaur
As you read the scroll of blinking, it crumbles to dust.
The centaur shoots an arrow.
The arrow hits you!
You die...
Your body crumbles into a pile of gold.

............ยง..# .
.##......###..c.##.$.
#..........###..........
........................
........................
......................##
........................
...................#....
........@..........#....
...##......>........
#<..............
#.............
............##
........>.....
#.........####
...........#
...........##


You could see a centaur.

Vanquished Creatures
  A hound (D:4)
  A gnoll (D:4)
  3 adders
  2 dart slugs
  An orc (D:4)
  3 endoplasms
  3 giant cockroaches
  2 goblins (D:4)
  A jackal (D:4)
  A bat (D:1)
  A kobold (D:1)
  2 rats (D:3)
21 creatures vanquished.

Vanquished Creatures (collateral kills)
  An ogre (D:4)
  A howler monkey (D:4)
  2 hounds (D:4)
  3 orc priests (D:4)
  3 iron imps (D:3)
  A gnoll (D:4)
  3 adders
  An ufetubus (D:4)
  A worm (D:4)
  3 dart slugs
  7 orcs
  4 endoplasms
  A giant cockroach (D:1)
  5 goblins
  6 hobgoblins
  2 jackals (D:4)
  3 bats
  2 kobolds (D:5)
  2 rats (D:1)
51 creatures vanquished.

Vanquished Creatures (others)
  A gnoll bouda (D:4)
  3 gnolls (D:4)
4 creatures vanquished.

Grand Total: 76 creatures vanquished

Notes
Turn   | Place    | Note
-------+----------+-------------------------------------------
     0 | D:1      | GorkyZ the Deep Elf Summoner began the quest for the Orb.
     0 | D:1      | Reached XP level 1. HP: 10/10 MP: 6/6
   284 | D:1      | Reached XP level 2. HP: 15/15 MP: 5/8
   750 | D:1      | Reached XP level 3. HP: 15/19 MP: 6/10
  1635 | D:2      | Identified the +3 leather armour of the Saviour {Drain
                  | +Blink rCorr}
  1670 | D:2      | Learned a level 3 spell: Call Canine Familiar
  1673 | D:2      | Learned a level 2 spell: Call Imp
  1677 | D:2      | Learned a level 3 spell: Summon Guardian Golem
  2191 | D:3      | Reached XP level 4. HP: 17/21 MP: 9/11
  2278 | D:3      | Found a burning altar of Makhleb.
  2329 | D:3      | Reached skill level 5 in Summonings
  2640 | D:3      | Reached skill level 1 in Fighting
  2713 | D:3      | Reached XP level 5. HP: 29/29 MP: 6/13
  2977 | D:3      | Found a faded altar of an unknown god.
  3201 | D:3      | Reached skill level 1 in Armour
  3465 | D:4      | Found Wocvebun's Magic Scroll Boutique.
  3499 | D:4      | Reached XP level 6. HP: 14/34 MP: 3/15
  3601 | D:4      | Reached skill level 5 in Spellcasting
  3690 | D:4      | Bought a scroll of identify for 26 gold pieces
  3690 | D:4      | Bought a scroll of identify for 26 gold pieces
  3690 | D:4      | Bought a scroll of identify for 26 gold pieces
  3690 | D:4      | Bought a scroll of noise for 13 gold pieces
  4066 | D:4      | Identified the +7 whip "Vuib" {flame, *Slow rN+++ Dex+8}
  4430 | D:4      | Found a staircase to the Ecumenical Temple.
  4441 | Temple   | Entered the Ecumenical Temple
  4447 | Temple   | Became a worshipper of Gozag Ym Sagoz the Greedy
  4507 | D:4      | Reached XP level 7. HP: 30/40 MP: 15/17
  4607 | D:4      | Found a bloodstained altar of Trog.
  4980 | D:5      | Entered Level 5 of the Dungeon
  5001 | D:4      | Bought a scroll of identify for 26 gold pieces
  5001 | D:4      | Bought a scroll of identify for 26 gold pieces
  5001 | D:4      | Bought a scroll of identify for 26 gold pieces
  5050 | D:5      | Shot with an arrow by a centaur

Illustrated notes

Levels and vault maps discovered:
D:1:      minmay_arrival_shattered_statue, layout_loops_cross
D:2:      layout_basic, st_stairs_13
D:3:      layout_basic, demons_altar, nicolae_ecumenical_lake_church
D:4:      layout_loops_cross, mainiacjoe_overflow_24_doors,
          lemuel_temple_firewalk_a, serial_shops, nicolae_stop_n_shop_2
D:5:      minmay_goblin_kobold_castle, layout_cave_pools, minmay_manual_mess
Temple:   hellmonk_temple_two_chambers

Skill      XL: |  1  2  3  4  5  6 |
---------------+-------------------+-----
Stealth        | 3 |  3.1
Dodging        | 3 4 |  4.8
Spellcasting   | 4 5 |  5.5
Summonings     | 5 |  5.9
Fighting       | 1 2 |  2.3
Armour         | 1 2 |  2.1

Action                   |  1- 3 |  4- 6 |  7- 9 || total
-------------------------+-------+-------+-------++-------
Melee: Club              |    21 |       |       ||    21
       Falchion          |    11 |    71 |     2 ||    84
       Punch             |       |     1 |       ||     1
       Spear             |       |       |     1 ||     1
 Cast: Summon Small Mamm |    54 |    16 |     5 ||    75
       Call Imp          |     2 |     7 |     3 ||    12
       Call Canine Famil |     1 |     8 |     4 ||    13
       Summon Guardian G |       |     6 |     2 ||     8
  Use: Scroll            |       |       |    11 ||    11
       Potion            |       |       |     1 ||     1
 Stab: Distracted        |     1 |       |       ||     1
Armor: Robe              |    16 |       |       ||    16
       Leather armour    |     4 |    38 |     6 ||    48
Dodge: Dodged            |    38 |    50 |    16 ||   104
